Map: Turbo Cruise '84 LE

Players

Mesrob

  • Race: Terran Terran
  • League: Platinum
  • Spawn Location: 3:00

Pieman - Winner!

  • Race: Terran Terran
  • League: Platinum
  • Spawn Location: 7:00

VOD

Have the link to the VOD?

Description

Time

  • Played on: July 12, 2019, 12:56 a.m.
  • Length: 13:10
Show
View Real Time Build Order
Export as new Build Order

Mesrob Terran 

Build Orders: 2 Factory, Reaper Expand 

Get SALT Encoding   

  12  0:01  SCV  
  13  0:13  SCV  
  14  0:22  Supply Depot  
  14  0:25  SCV  
  15  0:44  SCV  
  15  0:45  Barracks  
  15  0:48  Refinery  
  16  0:58  SCV  
  17  1:10  SCV  
  18  1:22  SCV  
  19  1:35  Orbital Command  
  19  1:42  Command Center  
  19  1:45  Reaper  
  20  2:12  Factory  
  20  2:13  Refinery  
  20  2:25  Reaper  
  20  2:28  SCV  
  22  2:40  SCV  
  22  2:43  Supply Depot  
  23  2:54  SCV  
  23  2:58  Supply Depot, Factory Reactor  
  24  2:59  Barracks Tech Lab  
  24  3:04  Orbital Command  
  24  3:08  SCV  
  25  3:15  Factory  
  25  3:31  Factory  
  25  3:33  SCV  
  26  3:37  Hellion x2  
  26  3:40  SCV  
  31  3:45  Supply Depot  
  31  3:46  SCV  
  32  3:52  SCV  
  33  3:59  Hellion x2  
  33  4:02  Supply Depot  
  37  4:04  SCV  
  37  4:05  SCV  
  39  4:10  Engineering Bay  
  39  4:14  Factory Tech Lab  
  39  4:16  SCV  
  40  4:17  SCV  
  41  4:25  Armory  
  41  4:28  SCV  
  41  4:29  Cyclone  
  41  4:30  SCV  
  46  4:37  Refinery  
  46  4:40  Cyclone  
  49  4:47  Supply Depot  
  49  4:53  Hellion x2  
  49  4:59  Refinery  
  53  5:10  Missile Turret  
  53  5:14  Missile Turret  
  53  5:18  Cyclone  
  56  5:24  Cyclone  
  59  5:32  Missile Turret  
  59  5:36  Missile Turret  
  59  5:43  Command Center  
  59  5:47  SCV  
  60  5:55  Cyclone  
  65  5:57  Hellion  
  65  5:59  Hellion  
  65  6:00  SCV  
  65  6:02  Missile Turret  
  68  6:11  SCV  
  68  6:12  SCV  
  68  6:17  Sensor Tower  
  70  6:20  Cyclone  
  70  6:21  Hellion  
  70  6:23  SCV  
  76  6:28  SCV  
  77  6:35  SCV  
  78  6:40  Supply Depot  
  78  6:55  SCV x2, Cyclone  
  78  7:00  Planetary Fortress  
  83  7:02  Supply Depot  
  83  7:05  Refinery  
  83  7:07  SCV x2  
  85  7:11  Hellbat  
  85  7:13  Hellion  
  85  7:15  Cyclone  
  92  7:18  Infernal Pre-Igniter  
  92  7:19  Mag-Field Accelerator, SCV  
  93  7:24  SCV  
  93  7:29  Refinery  
  94  7:34  Cyclone  
  99  7:37  Hellion x2  
  99  7:38  Terran Vehicle Weapons Level 1  
  99  7:41  Armory  
  101  7:51  SCV x3  
  102  7:54  Cyclone  
  107  8:03  SCV x2  
  109  8:06  Factory  
  109  8:08  Factory  
  109  8:25  Supply Depot  
  109  8:26  Supply Depot  
  109  8:32  SCV x3  
  109  8:33  Terran Vehicle And Ship Armor Level 1  
  112  8:40  Cyclone  
  115  8:41  Hellion  
  115  8:47  Hellion, SCV x3, Cyclone  
  125  8:49  Supply Depot  
  125  8:50  Supply Depot  
  125  8:57  Factory Tech Lab  
  125  8:58  Factory Reactor  
  125  8:59  SCV x3  
  125  9:00  Missile Turret  
  128  9:03  Factory  
  128  9:12  Cyclone  
  128  9:14  Hellion x2  
  135  9:19  Cyclone  
  135  9:22  SCV  
  140  9:24  SCV  
  140  9:27  Command Center  
  140  9:39  Cyclone  
  140  9:41  Hellion  
  140  9:43  Command Center  
  140  9:44  Cyclone  
  148  9:46  Supply Depot  
  148  9:48  Factory  
  148  10:07  Cyclone  
  148  10:09  Supply Depot  
  140  10:18  Factory Tech Lab  
  140  10:19  Cyclone x2  
  140  10:21  Hellion x4  
  149  10:34  SCV  
  149  10:35  SCV x2  
  152  10:36  Supply Depot  
  152  10:38  Cyclone  
  152  10:39  Cyclone  
  158  10:46  SCV  
  158  10:47  Planetary Fortress  
  159  10:51  Cyclone x2  
  159  10:52  Sensor Tower  
  159  10:56  Missile Turret  
  165  11:08  Hellion x2  
  165  11:10  Cyclone  
  172  11:11  Cyclone  
  172  11:16  Factory Tech Lab  
  172  11:17  Missile Turret  
  175  11:22  Factory  
  175  11:23  Cyclone  
  176  11:28  Cyclone  
  176  11:29  Hellion  
  176  11:30  Hellion x2  
  185  11:36  Planetary Fortress  
  185  11:39  SCV x3  
  188  11:40  Missile Turret  
  188  11:49  Refinery  
  188  11:50  Refinery  
  179  12:00  Missile Turret  
  140  12:09  Missile Turret  
  140  12:12  Refinery  
  140  12:15  Refinery  
  114  12:20  Cyclone x3  
  114  12:21  Factory Tech Lab  
  114  12:22  Hellion x3  
  87  12:27  Cyclone  
  87  12:28  Cyclone  
  90  12:31  SCV  
  90  12:34  SCV x3  
  94  12:43  SCV  
Show
View Real Time Build Order
Export as new Build Order

Pieman Terran - Winner!

Build Orders: 2 Factory, Cyclone Opening, Gas First Reaper Expand 

Get SALT Encoding   

  12  0:01  SCV  
  13  0:18  SCV  
  13  0:19  Supply Depot  
  14  0:25  Refinery  
  14  0:30  SCV  
  15  0:43  Barracks  
  15  0:48  SCV  
  16  0:58  Supply Depot  
  16  1:02  SCV  
  17  1:12  Refinery  
  17  1:15  SCV  
  18  1:31  Orbital Command  
  18  1:44  Factory  
  18  2:19  Command Center  
  18  2:22  Reaper  
  19  2:28  Factory Tech Lab  
  19  2:30  SCV  
  19  2:37  Factory  
  19  2:42  SCV  
  20  2:50  Cyclone  
  23  3:09  SCV  
  24  3:20  Factory Reactor  
  24  3:21  SCV  
  24  3:22  Siege Tank  
  28  3:31  Orbital Command  
  28  3:35  Supply Depot  
  28  3:44  Armory  
  28  3:45  SCV  
  29  4:06  Cyclone  
  29  4:09  Hellion x2  
  35  4:21  SCV  
  36  4:25  Orbital Command, Mag-Field Accelerator  
  36  4:30  Hellion  
  38  4:33  SCV  
  39  4:41  Cyclone  
  39  4:45  SCV  
  43  4:50  SCV  
  44  4:57  SCV  
  45  5:04  Starport  
  45  5:08  Refinery  
  45  5:09  SCV  
  45  5:12  Hellbat  
  48  5:16  Terran Vehicle Weapons Level 1  
  48  5:26  Refinery  
  48  5:30  Cyclone  
  48  5:32  Hellbat  
  53  5:38  Supply Depot  
  53  5:40  SCV  
  54  5:52  Starport Reactor  
  54  5:59  Hellbat, SCV x2  
  54  6:01  Supply Depot  
  58  6:05  Siege Tank  
  61  6:11  SCV  
  62  6:22  Armory  
  62  6:23  SCV x2  
  62  6:24  Supply Depot  
  64  6:28  Liberator  
  64  6:35  Liberator, SCV x2  
  64  6:38  Siege Tank  
  72  6:47  Supply Depot, SCV  
  76  6:57  Hellbat  
  78  7:09  SCV x2  
  78  7:10  Terran Vehicle And Ship Armor Level 1  
  78  7:13  Terran Vehicle Weapons Level 2  
  80  7:19  Supply Depot  
  80  7:21  SCV  
  81  7:42  SCV x2  
  83  7:45  Liberator  
  83  7:48  Supply Depot  
  83  7:54  Command Center, SCV, Cyclone  
  83  7:56  Hellbat  
  92  8:06  SCV  
  92  8:07  Liberator  
  93  8:16  Factory  
  93  8:24  Factory  
  96  8:29  Cyclone  
  96  8:33  Hellbat  
  101  8:38  Supply Depot  
  101  8:57  Viking  
  101  8:59  Factory Tech Lab  
  101  9:01  Supply Depot  
  103  9:05  Terran Vehicle And Ship Armor Level 2  
  103  9:07  Viking  
  105  9:11  Orbital Command  
  105  9:16  Cyclone  
  108  9:18  Factory Tech Lab  
  108  9:23  Supply Depot  
  108  9:26  Cyclone  
  111  9:33  Hellbat  
  111  9:37  SCV  
  111  9:38  SCV  
  115  9:47  Supply Depot  
  115  9:48  Cyclone  
  115  9:50  Cyclone  
  121  9:57  Viking  
  115  10:20  Cyclone x2  
  121  10:23  Hellbat x2, Liberator  
  121  10:26  Siege Tank  
  128  10:30  Terran Vehicle Weapons Level 3  
  128  10:33  SCV x3  
  134  10:45  SCV x2  
  136  10:50  Infernal Pre-Igniter  
  136  10:52  Refinery  
  136  11:02  Hellbat x3  
  142  11:08  Supply Depot  
  142  11:09  SCV x3  
  145  11:15  Refinery  
  145  11:30  Supply Depot  
  148  11:32  Cyclone  
  148  11:33  Cyclone x2  
  145  12:05  Cyclone  
  93  12:26  Cyclone x2  
  93  12:27  Hellbat x2  
  103  12:37  Cyclone  
  106  12:48  Hellbat  
  106  12:49  Hellbat  
Tags
 
Add a new tag
Caveats
  • Supply blocks, unpowered buildings, or Contaminate may cause inaccurate times.
  • Supply counts are checked every 10 seconds.